 Dungeon Crawl Stone Soup version 0.20.1-1-g8b1a95d (console) character file.

477 bli the Conjurer (level 6, -10/47 HPs)
             Began as a Draconian Conjurer on July 8, 2017.
             Mangled by rngboy's ghost (19 damage)
             ... on level 4 of the Dungeon.
             The game lasted 00:15:54 (2946 turns).

bli the Conjurer (Draconian Conjurer)               Turns: 2946, Time: 00:15:55

Health: -10/47     AC:  9    Str: 10    XL:     6   Next: 85%
Magic:  6/13       EV: 12    Int: 17    God:
Gold:   178        SH:  0    Dex: 12    Spells: 4/14 levels left

rFire    . . .     SeeInvis +   a - +0 spear (venom)
rCold    . . .     Gourm    +   (no shield)
rNeg     . . .     Faith    .   (armour unavailable)
rPois    .         Spirit   .   (helmet restricted)
rElec    .         Reflect  .   (no cloak)
rCorr    .         Harm     .   (no gloves)
MR       .....                  r - +2 pair of boots
Stlth    ++........             o - amulet of the gourmand
Regen    0.2/turn               m - ring of see invisible
MPRegen  0.2/turn               (no ring)

@: no status effects
A: unfitting armour, cold-blooded, AC +6
a: no special abilities


You were on level 4 of the Dungeon.
You were completely stuffed.

You visited 1 branch of the dungeon, and saw 4 of its levels.

You collected 178 gold pieces.

Inventory:

Hand Weapons
 a - a +0 spear of venom (weapon)
Armour
 r - a +2 pair of boots (worn)
 u - a +0 large shield
Jewellery
 m - a ring of see invisible (left hand)
 o - an amulet of the gourmand (around neck)
Scrolls
 e - a scroll of amnesia {unknown}
 f - 3 scrolls of fear {unknown}
 g - a scroll of enchant weapon {unknown}
 h - a scroll of magic mapping {unknown}
 k - 2 scrolls of identify
 l - a scroll of noise {unknown}
 t - 3 scrolls of remove curse
 w - a scroll of immolation {unknown}
Potions
 i - a potion of brilliance {unknown}
 n - a potion of invisibility {unknown}
 p - a potion of heal wounds
 s - a potion of mutation {unknown}
Books
 j - a book of Conjurations

   Spells                             Type                      Level
   a - Magic Dart                     Conjuration                  1
   b - Searing Ray                    Conjuration                  2
   c - Dazzling Spray                 Conjuration/Hexes            3
   d - Fulminant Prism                Conjuration/Hexes            4
   e - Force Lance                    Conjuration/Translocation    4
   f - Iskenderun's Mystic Blast      Conjuration                  4
Comestibles
 b - a bread ration
 c - 6 meat rations
 d - 3 fruits
 q - a royal jelly
 v - 3 chunks of flesh


   Skills:
 + Level 1.4 Fighting
 + Level 1.0 Polearms
 + Level 2.5 Dodging
 + Level 2.3 Stealth
 * Level 4.9 Spellcasting
 + Level 5.5 Conjurations
 * Level 0.4 Translocations


You had 4 spell levels left.
You knew the following spells:

 Your Spells              Type           Power        Failure   Level  Hunger
a - Magic Dart            Conj           ###.         1%          1    None
d - Dazzling Spray        Conj/Hex       ##....       14%         3    ###....
f - Force Lance           Conj/Tloc      ##......     38%         4    ####...
r - Searing Ray           Conj           ###...       2%          2    #......


Dungeon Overview and Level Annotations

Branches:
Dungeon (4/15)
 Temple: D:4-7

Altars:
Ashenzari

Annotations:
D:4 rngboy's ghost, amateur DgFi


Innate Abilities, Weirdness & Mutations

Your plain brown scales are hard. (AC +6)
You cannot fit into any form of body armour.
You are cold-blooded and may be slowed by cold attacks.


Message History

t - 3 scrolls of remove curse Rngboy's ghost barely misses you.
The centaur shoots an arrow.
The arrow misses you.
It was a potion of heal wounds.
You feel much better. Rngboy's ghost hits you.
You are electrocuted!
* * * LOW HITPOINT WARNING * * *
Casting: Searing Ray
Confirm with . or Enter, or press ? or * to list all spells.
Aiming: Searing Ray
Press: ? - help, Shift-Dir - straight line, f/p - centaur
Aim: a centaur, wielding a shortbow (heavily wounded)
The searing ray hits rngboy's ghost.
Rngboy's ghost is lightly damaged. (Press . to maintain the ray.) Rngboy's ghost hits you.
* * * LOW HITPOINT WARNING * * *
The searing ray hits rngboy's ghost.
Rngboy's ghost is moderately damaged.
Rngboy's ghost hits you but does no damage.
You are electrocuted!
You die...

######.# #...###....#..).# #.....
# #.# #.#.###.####....# #.....
######+###...###.####....# ######
....#.....#..(#....####'#########
###.#.....''.(#....'.......W.....
....#.....##.(_....####........##
##..#.....##..#.(..# ######.....
....#.....##..#..### #.....
#.###.....##.###c# #.....
#.#####......###W# #..... ...#
#......###@# #..... #.<#
#..........# #..... #..#
......#### ....... #..# .....##
....+## #..# .... #..# .## ...#
##.# #.#


You could see a centaur and rngboy's ghost.

Vanquished Creatures
  2 ogres (D:4)
  A bullfrog skeleton (D:4)
  An iguana (D:4)
  Jessica (D:2)
  3 worker ants
  3 gnolls (D:3)
  5 adders
  2 oozes
  2 worms (D:2)
  A dart slug (D:2)
  4 leopard geckos
  2 orcs (D:3)
  6 giant cockroaches
  4 goblins
  5 hobgoblins
  8 jackals
  6 kobolds
  2 quokkas (D:3)
  8 bats
  6 frilled lizards
  5 rats
77 creatures vanquished.

Notes
Turn   | Place    | Note
-------+----------+-------------------------------------------
     0 | D:1      | bli the Draconian Conjurer began the quest for the Orb.
     0 | D:1      | Reached XP level 1. HP: 14/14 MP: 3/3
   110 | D:1      | Reached XP level 2. HP: 20/20 MP: 0/5
   668 | D:2      | Reached XP level 3. HP: 26/26 MP: 1/6
   672 | D:2      | Learned a level 2 spell: Searing Ray
   720 | D:2      | Noticed Jessica
   800 | D:2      | Killed Jessica
   811 | D:2      | Reached XP level 4. HP: 33/33 MP: 0/8
   894 | D:2      | Reached skill level 5 in Conjurations
  1452 | D:3      | Reached XP level 5. HP: 36/39 MP: 0/10
  2052 | D:4      | Noticed a centaur
  2064 | D:3      | HP: 1/39 [quokka (5)]
  2444 | D:4      | Learned a level 4 spell: Force Lance
  2460 | D:4      | Learned a level 3 spell: Dazzling Spray
  2485 | D:4      | Noticed an ogre
  2497 | D:4      | Killed an ogre
  2497 | D:4      | Reached skill level 1 in Fighting
  2497 | D:4      | Reached XP level 6. HP: 26/47 MP: 1/12
  2526 | D:4      | Found a shattered altar of Ashenzari.
  2538 | D:4      | Noticed rngboy's ghost (amateur DgFi)
  2899 | D:4      | Reached skill level 1 in Polearms
  2946 | D:4      | Mangled by rngboy's ghost

Skill      XL: |  1  2  3  4  5  6 |
---------------+-------------------+-----
Dodging        | 2 |  2.5
Conjurations   | 5 |  5.5
Spellcasting   | 3 4 |  4.9
Fighting       | 1 |  1.4
Stealth        | 2 |  2.3
Polearms       | 1 |  1.0
Translocations | |  0.4

Action                   |  1- 3 |  4- 6 || total
-------------------------+-------+-------++-------
Melee: Unarmed           |     2 |       ||     2
       Short sword       |    41 |    12 ||    53
       Tailslap          |     3 |     4 ||     7
       Spear             |       |    47 ||    47
 Cast: Magic Dart        |    58 |   104 ||   162
       Searing Ray       |       |     8 ||     8
  Use: Scroll            |       |     1 ||     1
       Potion            |       |     1 ||     1
 Stab: Sleeping          |       |     1 ||     1
  Eat: Chunk             |       |    22 ||    22
Armor: Skin              |     8 |    20 ||    28
Dodge: Dodged            |    29 |    45 ||    74
